 Dungeon Crawl Stone Soup version 0.30-a0-986-g7f2e898f52 (webtiles) character file.

Game seed: 3515216492515111854

409 EonDragon20 the Changer (level 6, -1/50 HPs)
             Began as a Merfolk Transmuter on Apr 1, 2023.
             Slain by a phantom (7 damage)
             ... on level 5 of the Dungeon.
             The game lasted 00:36:50 (4445 turns).

EonDragon20 the Changer (Merfolk Transmuter)        Turns: 4445, Time: 00:36:54

Health: -1/50      AC:  4    Str: 11 (13) XL:     6   Next: 89%
Magic:  9/10       EV: 12    Int: 11 (12) God:
Gold:   144        SH:  0    Dex: 13 (14) Spells: 4/10 levels left

rFire   . . .      SeeInvis .    m - staff of cold
rCold   + . .      Faith    .    (no shield)
rNeg    . . .      Spirit   .    a - +0 robe
rPois   .          Reflect  .    (no helmet)
rElec   .          Rampage  .    (no cloak)
rCorr   .                        e - +1 pair of gloves
Will    .....                    (no boots)
Stlth   +                        (no amulet)
HPRegen 0.28/turn                (no ring)
MPRegen 0.12/turn                (no ring)

@: brilliant
A: (nimble swimmer 2), mertail, sense surroundings 1, robust 1
a: no special abilities


You were on level 5 of the Dungeon.
You visited 1 branch of the dungeon, and saw 5 of its levels.

You collected 144 gold pieces.

Inventory:

Missiles
 k - a throwing net
Armour
 a - a +0 robe (worn)
 e - a +1 pair of gloves (worn)
Magical Staves
 m - a staff of cold (weapon)
Jewellery
 h - a +4 ring of slaying
Scrolls
 l - a scroll of silence
 n - a scroll of enchant armour
Potions
 b - a potion of lignification
 c - 3 potions of magic
 d - 2 potions of brilliance
 f - a potion of mutation
 g - a potion of degeneration
 i - a potion of berserk rage {unknown}
 j - a potion of curing {unknown}
 o - 2 potions of might {unknown}


   Skills:
 + Level 2.9 Fighting
 - Level 2.6 Dodging
 * Level 5.1 Unarmed Combat
 + Level 2.9 Spellcasting
 * Level 5.2 Transmutations
 * Level 2.9 Poison Magic


You had 4 spell levels left.
You knew the following spells:

 Your Spells              Type           Power      Damage    Failure   Level
a - Beastly Appendage     Tmut           38%        N/A       3%          1
b - Wereblood             Tmut           19%        N/A       4%          2
c - Spider Form           Tmut/Pois      15%        N/A       14%         3

Your spell library contained the following spells:

 Spells                   Type           Power      Damage    Failure   Level
 Ice Form                 Ice/Tmut       16%        N/A       65%         4


Dungeon Overview and Level Annotations

Branches:
Dungeon (5/15)
 Temple: D:4-7

Altars:
Elyvilon
Hepliaklqana
Kikubaaqudgha
Ru
Trog
The Shining One

Shops:
D:4 ?(

Annotations:
D:3 2 transporters, pigah's ghost, weakling OpWn
D:5 1 runed translucent door, Crazy Yiuf


Innate Abilities, Weirdness & Mutations

((You are very nimble when in or above water. (Stealth+, EV+, Speed+++)))
Your lower body shifts to a powerful aquatic tail in water.
You passively map a small area around you.
You are robust. (+10% HP)


Message History

The phantom is moderately damaged.
The phantom misses you.
You closely miss the phantom.
The phantom is moderately damaged.
A gnoll comes into view. It is wielding a +0 club.
The phantom hits you!
You barely miss the phantom.
The phantom is moderately damaged.
The phantom misses you.
The gnoll shouts!
You hit the phantom but do no damage.
The phantom is moderately damaged.
The phantom hits you.
You hit the phantom.
The phantom is heavily damaged.
The phantom hits you.
* * * LOW HITPOINT WARNING * * *
The phantom blinks!
You blink.
You closely miss the phantom.
The phantom is heavily damaged.
Your transformation has ended.
Your staff of cold unmelds from your body.
Your +1 pair of gloves unmelds from your body.
Your +0 robe unmelds from your body.
The phantom closely misses you.
It was a potion of brilliance.
You feel clever all of a sudden.
A gnoll comes into view. It is wielding a +0 flail.
The phantom misses you.
It was a potion of mutation.
You feel extremely strange.
You feel robust.
You feel a strange attunement to the structure of the dungeons.
The gnoll shouts!
The phantom misses you.
It was a potion of degeneration.
There was something very wrong with that liquid.
You feel weakened.
You feel dopey.
You feel clumsy. The gnoll hits you with a +0 club.
* * * LOW HITPOINT WARNING * * *
The phantom hits you!
You die...

.#.#.....# .#.#.#####*
.#...# . , ,,
.#######..... , *
...S..T....... *,*
####.....:..g.., #
....... ... , * # .......
##'####, #,, .......
#..g@W# * #, .......
#.....# #, .......
#.....# #
,.......,#...†.# # # ,
#.....#'##### #
,#............ # * **
#............
#############............
#....##....##............


You could see a phantom and 2 gnolls.

Vanquished Creatures
  A scorpion (D:5)
  A gnoll bouda (D:4)
  A hound (D:4)
  A sleepcap (D:4)
  2 orc wizards (D:5)
  2 iguanas
  6 gnolls
  4 adders
  A worm (D:3)
  2 dart slugs
  4 orcs
  5 endoplasms
  3 giant cockroaches
  6 goblins
  7 hobgoblins
  3 jackals (D:4)
  3 kobolds
  2 quokkas
  4 ball pythons
  3 bats
  4 frilled lizards
  6 rats
71 creatures vanquished.

Notes
Turn   | Place    | Note
-------+----------+-------------------------------------------
     0 | D:1      | EonDragon20 the Merfolk Transmuter began the quest for the
                  | Orb.
     0 | D:1      | Reached XP level 1. HP: 15/15 MP: 3/3
   296 | D:1      | Reached XP level 2. HP: 21/21 MP: 3/5
   513 | D:1      | Learned a level 2 spell: Wereblood
   970 | D:2      | Reached XP level 3. HP: 16/26 MP: 4/6
  1851 | D:2      | Learned a level 3 spell: Spider Form
  2034 | D:3      | Reached XP level 4. HP: 33/33 MP: 5/7
  2249 | D:3      | Found a transporter.
  2249 | D:3      | Noticed pigah's ghost (weakling OpWn)
  2513 | D:3      | Found a faded altar of an unknown god.
  2592 | D:3      | Found a transporter.
  3110 | D:4      | Reached skill level 1 in Poison Magic
  3380 | D:4      | Found Seghyll's Magic Scroll Boutique.
  3400 | D:4      | Found a hazy altar of Hepliaklqana.
  3400 | D:4      | Found a white marble altar of Elyvilon.
  3401 | D:4      | Found a bloodstained altar of Trog.
  3403 | D:4      | Found a sacrificial altar of Ru.
  3403 | D:4      | Found a glowing golden altar of the Shining One.
  3422 | D:4      | Reached XP level 5. HP: 35/39 MP: 5/8
  3474 | D:4      | Found an ancient bone altar of Kikubaaqudgha.
  3933 | D:4      | Found Tiddawai's Weapon Emporium.
  3983 | D:5      | Entered Level 5 of the Dungeon
  4040 | D:5      | Reached XP level 6. HP: 46/46 MP: 7/9
  4090 | D:5      | Noticed a troll
  4108 | D:4      | Reached skill level 5 in Transmutations
  4277 | D:5      | Found a runed translucent door.
  4278 | D:5      | Noticed Crazy Yiuf
  4326 | D:5      | Reached skill level 5 in Unarmed Combat
  4444 | D:5      | Gained mutation: You are robust. (+10% HP) [potion of
                  | mutation]
  4444 | D:5      | Gained mutation: You passively map a small area around you.
                  | [potion of mutation]
  4445 | D:5      | Slain by a phantom

Illustrated notes

Levels and vault maps discovered:
D:1:      dpeg_arrival_pits, layout_basic
D:2:      layout_loops_corners
D:3:      layout_basic, gammafunk_ghost_mausoleum, basic_ecumenical_altar
D:4:      layout_loops_ring, mainiacjoe_overflow_surrounded_room,
          grunt_temple_overflow_open, serial_shops, shop,
          nicolae_take_the_stairs
D:5:      layout_basic, kennysheep_slug_shrine, kennysheep_mini,
          uniq_crazy_yiuf_cottage

Skill      XL: |  1  2  3  4  5  6 |
---------------+-------------------+-----
Transmutations | 3 4 5 |  5.2
Unarmed Combat | 4 5 |  5.1
Fighting       | 2 |  2.9
Poison Magic   | 1 2 |  2.9
Dodging        | |  2.6
Spellcasting   | |  2.9

Action                     |  1- 3 |  4- 6 || total
---------------------------+-------+-------++-------
  Melee: Unarmed           |   110 |    73 ||   183
         Headbutt          |    17 |    11 ||    28
         Punch             |     4 |     2 ||     6
         Staff             |       |    72 ||    72
   Cast: Beastly Appendage |    23 |    11 ||    34
         Spider Form       |       |     9 ||     9
    Use: Scroll            |     7 |     3 ||    10
         Potion            |       |     3 ||     3
   Stab: Sleeping          |     1 |     1 ||     2
 Armour: Robe              |    25 |    33 ||    58
         Skin              |       |     2 ||     2
  Dodge: Dodged            |    64 |   111 ||   175

Table legend: (Time is in decaauts)
 A = Elapsed time spent in this place.
 B = Non-inter-level travel time spent in this place.
 C = Inter-level travel time spent in this place.
 D = Time resting spent in this place.
 E = Time spent auto-exploring this place.
 F = Levels seen in this place.
 G = Mean time per level.
                   A        B        C        D        E       F      G
               +--------+--------+--------+--------+--------+-----+--------+
         Total |   4446 |   4376 |     70 |    558 |      0 |   5 |  889.2 |
       Dungeon |   4446 |   4376 |     70 |    558 |      0 |   5 |  889.2 |
               +--------+--------+--------+--------+--------+-----+--------+

Top non-repeatable levels by time:
     D:4: 1168 daAuts
     D:2: 1064 daAuts
     D:3: 1010 daAuts
     D:1: 843 daAuts
     D:5: 360 daAuts
